 Dungeon Crawl Stone Soup version 0.19-a0-821-gf489216 (webtiles) character file.

42 4thArraOfDagon the Digger (level 3, -5/26 HPs)
             Began as a Demigod Earth Elementalist on June 29, 2016.
             Slain by an ogre
             ... wielding a +0 giant club
              (21 damage)
             ... on level 4 of the Dungeon.
             The game lasted 00:02:29 (509 turns).

4thArraOfDagon the Digger (DgEE)                     Turns: 509, Time: 00:02:29

Health: -5/26      AC:  2    Str: 11    XL:     3   Next: 19%
Magic:  3/8        EV: 12    Int: 21    God:
Gold:   13         SH:  0    Dex: 16    Spells: 1 memorised, 4 levels left

rFire  . . .     SeeInvis +     b - 35 stones
rCold  . . .     Gourm    .     c - +0 robe
rNeg   . . .     Faith    .     (no shield)
rPois  .         Spirit   .     (no helmet)
rElec  .         Dismiss  .     (no cloak)
rCorr  .         Reflect  .     (no gloves)
SustAt +         Harm     .     (no boots)
MR     .....                    (no amulet)
Stlth  ++........               (no ring)
                                k - ring of see invisible

@: not resistant to hostile enchantments, unstealthy
A: high mp 1, sustain attributes
a: no special abilities


You were on level 4 of the Dungeon.
You were not hungry.

You visited 1 branch of the dungeon, and saw 4 of its levels.

You collected 13 gold pieces.

Inventory:

Missiles
 b - 35 stones (in hand)
 h - 2 tomahawks of returning
Armour
 a - a +0 ring mail
 c - a +0 robe (worn)
Jewellery
 k - a ring of see invisible (left hand)
Scrolls
 g - a scroll of amnesia {unknown}
 i - a scroll of blinking {unknown}
 j - a scroll of immolation {unknown}
Potions
 f - a potion of lignification {unknown}
Books
 e - a book of Geomancy

   Spells                             Type                      Level
   a - Sandblast                      Earth                        1
   b - Passwall                       Transmutation/Earth          2
   c - Stone Arrow                    Conjuration/Earth            3
   d - Petrify                        Transmutation/Earth          4
   e - Lee's Rapid Deconstruction     Earth                        5
Comestibles
 d - 2 bread rations


   Skills:
 - Level 1.7 Dodging
 - Level 1.7 Stealth
 - Level 1.7 Spellcasting
   Level 0.8 Transmutations
 + Level 4.0 Earth Magic


You had 4 spell levels left.
You knew the following spells:

 Your Spells              Type           Power        Failure   Level  Hunger
a - Sandblast             Erth           ###...       2%          1    #......


Dungeon Overview and Level Annotations

Branches:
Dungeon (4/15)
 Temple: D:4-7

Annotations:
D:3 slayr's ghost, amateur TeAE


Innate Abilities, Weirdness & Mutations

You have an increased reservoir of magic. (+10% MP)
Your attributes are resistant to harm.


Message History

Casting: Sandblast
Confirm with . or Enter, or press ? or * to list all spells.
Aiming: Sandblast
Press: ? - help, Shift-Dir - straight line, f/p - ogre
Aim: an ogre, wielding a giant club (heavily wounded)
The rocky blast misses the ogre.
The ogre closely misses you.
Okay, then.
Casting: Sandblast
Confirm with . or Enter, or press ? or * to list all spells.
Okay, then.
Casting: Sandblast
Confirm with . or Enter, or press ? or * to list all spells.
Aiming: Sandblast
Press: ? - help, Shift-Dir - straight line, f/p - ogre
Aim: an ogre, wielding a giant club (heavily wounded)
The rocky blast hits the ogre.
The ogre is almost dead.
The ogre hits you with a giant club!!
Ouch! That really hurt!
You die...

### .###### ..
_......
...#.#......
............
............... ##+
#.............
#...##.....##....#
#....O@....##....#
.....##.....##....#
... ##.....##....#
..................#
##................#
#................#
#...##...####.##'#
#... #####
####.###### #...
#......#


You could see an ogre.

Vanquished Creatures
  2 adders (D:2)
  A giant gecko (D:4)
  5 bats (D:2)
  2 goblins (D:2)
  2 hobgoblins (D:2)
  3 jackals (D:2)
  A quokka (D:2)
  4 giant newts
  2 kobolds (D:2)
  A rat (D:2)
23 creatures vanquished.

Notes
Turn   | Place    | Note
--------------------------------------------------------------
     0 | D:1      | 4thArraOfDagon the Demigod Earth Elementalist began the quest for the Orb.
     0 | D:1      | Reached XP level 1. HP: 14/14 MP: 5/5
    78 | D:2      | Reached skill level 3 in Earth Magic
    78 | D:2      | Reached XP level 2. HP: 17/20 MP: 1/7
   376 | D:2      | Reached XP level 3. HP: 19/26 MP: 6/8
   402 | D:2      | Reached skill level 4 in Earth Magic
   468 | D:3      | Noticed slayr's ghost (amateur TeAE)
   503 | D:4      | Found a basalt altar of Yredelemnul.
   504 | D:4      | Noticed an ogre
   509 | D:4      | Slain by an ogre

Vault maps used:
D:1:      dpeg_arrival_pond
D:2:      kennysheep_generic_room_15, uniq_crazy_yiuf_cottage
D:3:      minitemple, uniq_grinder
D:4:      grunt_temple_overflow_order_and_chaos_1, lemuel_crystal_altar

Skill      XL: |  1  2  3 |
---------------+----------+-----
Earth Magic    | 3 4 |  4.0
Dodging        | |  1.7
Stealth        | |  1.7
Spellcasting   | |  1.7
Transmutations | |  0.8

Action                   || total
-------------------------++-------
Melee: Unarmed           ||    12
 Cast: Sandblast         ||    41
Armor: Robe              ||     5
Dodge: Dodged            ||    31
